 Dungeon Crawl Stone Soup version 0.30-a0-986-g7f2e898f52 (webtiles) character file.

Game seed: 1078299562268481771

6041 jimonade the Spear-Bearer (level 10, -5/90 HPs)
             Began as a Hill Orc Fighter on Apr 1, 2023.
             Was a Follower of Beogh.
             Slain by a death yak (18 damage)
             ... on level 10 of the Dungeon.
             The game lasted 00:25:03 (9135 turns).

jimonade the Spear-Bearer (Hill Orc Fighter)        Turns: 9135, Time: 00:25:03

Health: -5/90      AC: 13    Str: 26    XL:     10   Next: 86%
Magic:  17/17      EV: 17    Int: 12    God:    Beogh [*.....]
Gold:   527        SH:  0    Dex: 10    Spells: 9/9 levels left

rFire   . . .      SeeInvis .    a - +0 trident (venom)
rCold   . . .      Faith    +    h - orb {light}
rNeg    + . .      Spirit   .    Y - +3 leather armour "Kiemai" {Slay+3}
rPois   .          Reflect  .    N - +0 helmet of the Known World {Str+2 Int+4}
rElec   .          Rampage  .    k - +2 cloak
rCorr   .                        p - +1 pair of gloves
Will    .....                    (no boots)
Stlth   +                        t - amulet of faith
HPRegen 0.35/turn                g - ring of positive energy
MPRegen 0.15/turn                x - +5 ring of evasion

@: lethally poisoned (-5 -> -8), glowing
A: no striking features
a: Renounce Religion


You were on level 10 of the Dungeon.
You worshipped Beogh.
Beogh was aware of your devotion.
You visited 1 branch of the dungeon, and saw 10 of its levels.
You also visited: Sewer.

You collected 527 gold pieces.

Inventory:

Hand Weapons
 a - a +0 trident of venom (weapon)
 f - a +0 heavy spear
 n - a +0 short sword of draining
 y - a +0 trident
 H - a +0 trident
 O - a +0 halberd
 Q - a +2 great sword of electrocution
 U - a +0 halberd
Missiles
 q - 24 poisoned darts (quivered)
 r - 79 stones
 z - 6 boomerangs
Armour
 c - a +0 buckler
 h - an orb of light (worn)
 k - a +2 cloak (worn)
 p - a +1 pair of gloves (worn)
 M - a +3 leather armour of cold resistance
 N - the +0 helmet of the Known World (worn) {Str+2 Int+4}
   (You found it on level 6 of the Dungeon)

   Str:       It affects your strength (+2).
   Int:       It affects your intelligence (+4).
 V - a +0 plate armour
 Y - the +3 leather armour "Kiemai" (worn) {Slay+3}
   (You found it on level 7 of the Dungeon)

   Slay:      It affects your accuracy & damage with ranged weapons and melee
   (+3).
Jewellery
 g - a ring of positive energy (left hand)
 j - a ring of ice
 t - an amulet of faith (around neck)
 u - a ring of positive energy
 x - a +5 ring of evasion (right hand)
 Z - a ring of protection from fire
Wands
 b - a wand of paralysis (6)
 C - a wand of roots (7)
 K - a wand of flame (13)
 T - a wand of mindburst (5)
Scrolls
 e - 9 scrolls of teleportation
 i - a scroll of fear
 m - 2 scrolls of poison
 E - 2 scrolls of enchant armour
 G - a scroll of immolation
 I - a scroll of summoning
Potions
 d - 4 potions of might
 l - 6 potions of curing
 o - a potion of haste {unknown}
 s - 2 potions of berserk rage {unknown}
 w - 3 potions of attraction {unknown}
 A - a potion of flight {unknown}
 B - a potion of heal wounds {unknown}
 D - a potion of brilliance {unknown}
 L - a potion of ambrosia {unknown}


   Skills:
 + Level 8.7 Fighting
 + Level 11.5 Polearms
 + Level 1.0 Throwing
 + Level 6.8 Armour
 + Level 3.4 Dodging
 - Level 0.7 Stealth
 + Level 3.4 Shields
 * Level 9.4 Invocations


You had 9 spell levels left.
You didn't know any spells.
Your spell library contained the following spells:

 Spells                   Type           Power      Damage    Failure   Level
 Apportation              Tloc           0%         N/A       36%         1
 Kiss of Death            Conj/Necr      0%         2d5       36%         1
 Necrotise                Necr           0%         1d4       36%         1
 Sting                    Tmut/Pois      0%         1d3       36%         1
 Summon Small Mammal      Summ           0%         N/A       36%         1
 Cigotuvi's Dreadful Rot  Necr/Pois/Air  0%         N/A       50%         2
 Lesser Beckoning         Tloc           0%         N/A       50%         2
 Poisonous Vapours        Pois/Air       0%         N/A       50%         2
 Static Discharge         Conj/Air       0%         2-2/arc   50%         2
 Sublimation of Blood     Necr           0%         N/A       50%         2
 Confusing Touch          Hex            0%         N/A       73%         3
 Gell's Gravitas          Tloc           0%         N/A       73%         3
 Mephitic Cloud           Conj/Pois/Air  0%         N/A       73%         3
 Teleport Other           Tloc           0%         N/A       73%         3
 Vhi's Electric Charge    Tloc/Air       0%         N/A       73%         3
 Dispel Undead            Necr           0%         3d6       98%         4
 Petrify                  Tmut/Erth      0%         N/A       98%         4
 Summon Lightning Spire   Summ/Air       0%         N/A       98%         4
 Alistair's Intoxication  Tmut/Pois      0%         N/A       100%        5
 Irradiate                Conj/Tmut      0%         3d11      100%        5
 Storm Form               Tmut/Air       0%         N/A       100%        7
 Maxwell's Capacitive Co  Air            0%         ∞         100%        8


Dungeon Overview and Level Annotations

Branches:
Dungeon (10/15)            Temple (0/1) D:4            Lair (0/5) D:9
  Sewer (visited)
    Orc: D:9-12

Altars:
Cheibriados
Fedhas
Nemelex Xobeh
Ru
Sif Muna
Vehumet
Yredelemnul

Shops:
D:3 [   D:4 *   D:5 (

Annotations:
D:8 4 transporters, exclusion: downstairs


Message History

The death yak is severely wounded.
The killer bee stings you but does no damage.
The death yak closely misses you.
You hit the death yak.
The death yak is severely wounded.
The killer bee completely misses you. The killer bee misses you.
The death yak gores you but does no damage.
You closely miss the killer bee. The killer bee completely misses you.
A komodo dragon comes into view.
You closely miss the killer bee.
The komodo dragon hisses angrily.
The killer bee misses you.
The death yak gores you but does no damage.
The killer bee closely misses you.
You closely miss the killer bee.
The orc wizard gestures at you while chanting.
You easily resist.
The killer bee misses you. The death yak barely misses you.
You puncture the killer bee!
The killer bee is severely wounded.
The killer bee completely misses you.
An orc priest comes into view. It is wielding a +0 dagger.
The killer bee stings you but does no damage.
The death yak barely misses you.
You closely miss the killer bee.
The killer bee is severely wounded.
The killer bee stings you.
* * * LOW HITPOINT WARNING * * *
You are poisoned.
The killer bee poisons you!
The orc wizard gestures at you while chanting.
The magic dart hits you.
* * * LOW HITPOINT WARNING * * *
An orc comes into view. It is wielding a +0 flail.
The orc misses you.
You closely miss the killer bee.
The killer bee is severely wounded.
You feel sick.
The orc shouts!
The killer bee misses you. The death yak gores you!!
You die...

...........
..........
..........
.........## .
..........# ...
..........#....
.......Y.......
$......@..#
.......yo...#
.....o.##...#
#...... .l.#
#...... ....
....... .....
....... ....
....o.. ....


You could see a death yak (extremely poisoned), a komodo dragon, a killer bee,
an orc wizard and 2 orcs.

Vanquished Creatures
  A two-headed ogre (D:9)
  2 death yaks (D:9)
  Eustachio (D:6)
  A wyvern (D:9)
  A steam dragon (D:8)
  2 water moccasins
  3 orc warriors
  An ice beast (D:5)
  2 black bears
  5 sky beasts
  An ogre (D:6)
  3 centaurs
  A phantom (D:3)
  2 bullfrogs
  2 kobold brigands (Sewer)
  2 gnoll sergeants
  2 scorpions
  12 wights
  A killer bee (D:8)
  6 hounds
  2 jellies
  3 orc priests (D:8)
  2 gnoll boudas
  An iron imp (D:7)
  3 iguanas
  5 orc wizards
  A hell rat (D:9)
  25 gnolls
  3 river rats (D:3)
  5 adders
  4 white imps
  An ufetubus (D:4)
  2 worms
  6 dart slugs
  26 orcs
  16 ball pythons
  4 bats
  11 endoplasms
  6 giant cockroaches
  9 goblins
  10 hobgoblins
  8 jackals
  5 quokkas
  3 frilled lizards
  11 kobolds
  4 rats
227 creatures vanquished.

Vanquished Creatures (others)
  2 orc priests (D:8)
  2 plants (Sewer)
4 creatures vanquished.

Grand Total: 231 creatures vanquished

Notes
Turn   | Place    | Note
-------+----------+-------------------------------------------
     0 | D:1      | jimonade the Hill Orc Fighter began the quest for the Orb.
     0 | D:1      | Reached XP level 1. HP: 19/19 MP: 1/1
   103 | D:1      | Reached XP level 2. HP: 26/27 MP: 2/2
   402 | D:1      | Reached skill level 1 in Invocations
   472 | D:1      | Reached XP level 3. HP: 31/33 MP: 3/3
  1117 | D:2      | Found a radiant altar of Vehumet.
  1248 | D:2      | Reached XP level 4. HP: 40/40 MP: 5/5
  1270 | D:2      | Reached skill level 3 in Polearms
  1725 | D:3      | Found a glowing drain.
  1770 | Sewer    | Entered a sewer
  1827 | Sewer    | Reached XP level 5. HP: 47/47 MP: 6/6
  1970 | Sewer    | Noticed a kobold brigand
  1982 | Sewer    | Killed a kobold brigand
  1983 | Sewer    | Reached skill level 4 in Polearms
  2075 | Sewer    | Noticed a kobold brigand
  2094 | Sewer    | Killed a kobold brigand
  2095 | Sewer    | Reached XP level 6. HP: 42/53 MP: 8/8
  2424 | D:3      | Found Zyhariurr's Antique Armour Boutique.
  2898 | D:3      | Reached skill level 5 in Polearms
  3312 | D:3      | Reached skill level 5 in Fighting
  3312 | D:3      | Reached XP level 7. HP: 60/61 MP: 9/9
  3387 | D:4      | Reached skill level 6 in Polearms
  3401 | D:4      | Found a basalt altar of Yredelemnul.
  3403 | D:4      | Found a shimmering blue altar of Sif Muna.
  3685 | D:4      | Got the Tome of Electrocution and the Coward
  3811 | D:4      | Found a staircase to the Ecumenical Temple.
  3955 | D:4      | Found Dobait's General Store.
  4147 | D:5      | Entered Level 5 of the Dungeon
  4396 | D:5      | Reached skill level 1 in Dodging
  4449 | D:5      | Found Ecriq's Weapon Shoppe.
  4475 | D:5      | Reached XP level 8. HP: 63/70 MP: 11/11
  4557 | D:5      | Reached skill level 7 in Polearms
  4824 | D:5      | Reached skill level 5 in Armour
  5145 | D:6      | Reached skill level 5 in Invocations
  5166 | D:6      | Noticed Eustachio
  5264 | D:6      | Killed Eustachio
  5396 | D:6      | Identified the +0 helmet of the Known World {Str+2 Int+4}
  5428 | D:6      | Reached skill level 8 in Polearms
  5637 | D:6      | Reached XP level 9. HP: 70/77 MP: 13/13
  6316 | D:7      | Found a blossoming altar of Fedhas.
  6331 | D:7      | Found a radiant altar of Vehumet.
  6397 | D:6      | Reached skill level 9 in Polearms
  6615 | D:7      | Found a snail-covered altar of Cheibriados.
  6835 | D:7      | Identified the +3 leather armour "Kiemai" {Slay+3}
  6969 | D:7      | Found a sparkling altar of Nemelex Xobeh.
  7175 | D:7      | Found a sacrificial altar of Ru.
  7444 | D:8      | Found a transporter.
  7444 | D:8      | Found a transporter.
  7452 | D:8      | Found a transporter.
  7486 | D:8      | Became a worshipper of Beogh the Brigand
  7510 | D:8      | Reached skill level 10 in Polearms
  7510 | D:8      | Reached XP level 10. HP: 71/88 MP: 16/16
  7935 | D:8      | Found a transporter.
  8555 | D:9      | Noticed a two-headed ogre
  8575 | D:9      | Killed a two-headed ogre
  8575 | D:9      | Reached * piety under Beogh
  8870 | D:9      | Noticed a death yak
  8919 | D:9      | Killed a death yak
  8920 | D:9      | Reached skill level 11 in Polearms
  9048 | D:9      | Found a staircase to the Lair.
  9054 | D:9      | Noticed a death yak
  9064 | D:9      | Noticed a death yak
  9110 | D:9      | Killed a death yak
  9111 | D:9      | Reached skill level 1 in Throwing
  9127 | D:10     | Entered Level 10 of the Dungeon
  9135 | D:10     | Slain by a death yak

Illustrated notes

Levels and vault maps discovered:
D:1:      dpeg_arrival_long_road, layout_basic, hangedman_decor_points
D:2:      wad_pebble_path, layout_loops_ring, basic_altar
D:3:      layout_basic, serial_shops, shop, cheibrodos_sewer_entry_sluice
D:4:      layout_cave_pools, jmf_multi_god_temple,
          minmay_temple_entry_large_hall, serial_shops,
          nicolae_shop_behind_doors, st_stairs_9
D:5:      layout_loops_corners, serial_shops, shop, corexii_shack
D:6:      layout_basic, chequers_jeans, uniq_eustachio
D:7:      layout_loops_ring, vehumet_crystals, lemuel_doored_altar,
          slow_altar_1, mainiacjoe_overflow_cross_hatched,
          mainiacjoe_overflow_chevrons, minmay_misc_feat_roman
D:8:      layout_basic, grunt_ministairs_15, nicolae_diode_quadrants
D:9:      layout_irregular_city, mainiacjoe_overflow_alcove_4,
          dpeg_lair_monsters
D:10:     layout_cave_pools, mainiacjoe_overflow_alcove_1, david_orc_3,
          minivault_25, kennysheep_cross_room, hangedman_decor_clover_reticule,
          uniq_maggie

Skill      XL: |  1  2  3  4  5  6  7  8  9 10 |
---------------+-------------------------------+-----
Fighting       | 4 5 6 7 8 |  8.7
Invocations    | 1 2 3 4 6 8 9 |  9.4
Polearms       | 3 4 5 6 8 10 11 | 11.5
Armour         | 4 5 6 |  6.8
Dodging        | 1 2 3 |  3.4
Throwing       | 1 |  1.0
Stealth        | |  0.7
Shields        | |  3.4

Action                     |  1- 3 |  4- 6 |  7- 9 | 10-12 || total
---------------------------+-------+-------+-------+-------++-------
  Melee: Trident           |    99 |   188 |   409 |   129 ||   825
         Spear             |       |       |    24 |     2 ||    26
  Throw: Dart              |       |       |     3 |     7 ||    10
 Invoke: Convert to Beogh  |       |       |     1 |       ||     1
    Use: Scroll            |       |     5 |     4 |     4 ||    13
   Stab: Distracted        |       |       |     1 |       ||     1
 Armour: Scale mail        |    36 |    83 |    87 |       ||   206
         Leather armour    |       |       |    20 |    27 ||    47
         Plate armour      |       |       |    10 |       ||    10
  Dodge: Dodged            |    28 |    82 |   224 |    79 ||   413
  Block: Buckler           |     1 |       |       |       ||     1

Table legend: (Time is in decaauts)
 A = Elapsed time spent in this place.
 B = Non-inter-level travel time spent in this place.
 C = Inter-level travel time spent in this place.
 D = Time resting spent in this place.
 E = Time spent auto-exploring this place.
 F = Levels seen in this place.
 G = Mean time per level.
                   A        B        C        D        E       F      G
               +--------+--------+--------+--------+--------+-----+--------+
         Total |   9136 |   8594 |    542 |    228 |   5407 |  11 |  830.5 |
       Dungeon |   8692 |   8150 |    542 |    151 |   5327 |  10 |  869.2 |
         Sewer |    443 |    443 |      0 |     77 |     80 |   1 |  443.0 |
               +--------+--------+--------+--------+--------+-----+--------+

Top non-repeatable levels by time:
     D:3: 1202 daAuts
     D:6: 1174 daAuts
     D:8: 1105 daAuts
     D:5: 987 daAuts
     D:7: 950 daAuts
     D:2: 864 daAuts
     D:1: 864 daAuts
     D:4: 840 daAuts
     D:9: 697 daAuts
   Sewer: 443 daAuts
    D:10: 5 daAuts
